 Dungeon Crawl Stone Soup version 0.20.1-1-g8b1a95d (webtiles) character file.

3712 arta the Firebug (level 10, 0/67 HPs)
             Began as a Human Fire Elementalist on Sept 28, 2017.
             Was a Believer of Vehumet.
             Slain by a killer bee (4 damage)
             ... on level 7 of the Dungeon.
             The game lasted 01:08:49 (12554 turns).

arta the Firebug (Human Fire Elementalist)         Turns: 12554, Time: 01:08:50

Health: 0/67       AC:  9    Str: 15    XL:     10   Next: 36%
Magic:  8/20       EV: 14    Int: 18    God:    Vehumet [**....]
Gold:   338        SH:  4    Dex: 13    Spells: 14/23 levels left

rFire    . . .     SeeInvis .   H - +3 whip (freeze)
rCold    + . .     Gourm    .   I - +0 buckler
rNeg     . . .     Faith    .   i - +2 robe {rC+}
rPois    .         Spirit   .   l - +1 helmet
rElec    .         Reflect  .   x - +0 cloak
rCorr    .         Harm     .   Q - +0 pair of gloves
MR       .....                  q - +0 pair of boots
Stlth    ++........             (no amulet)
Regen    0.3/turn               t - ring of wizardry
MPRegen  0.2/turn               (no ring)

@: mighty, lethally poisoned (0 -> -15)
A: no striking features
a: Renounce Religion


You were on level 7 of the Dungeon.
You worshipped Vehumet.
Vehumet was pleased with you.
You were not hungry.

You visited 1 branch of the dungeon, and saw 9 of its levels.

You collected 338 gold pieces.

Inventory:

Hand Weapons
 g - a +1 halberd of venom
 p - a +0 mace
 s - a +0 dagger
 v - a +0 great sword
 z - a +5 long sword
 C - a +1 antimagic short sword
 D - a +5 hand axe
 E - a +0 dagger
 F - a +2 short sword of venom
 H - a +3 whip of freezing (weapon)
 K - a +0 dagger
 N - a +0 whip of draining
Missiles
 j - 4 poisoned tomahawks (quivered)
Armour
 h - a +0 robe
 i - a +2 robe of cold resistance (worn)
 k - a +0 leather armour
 l - a +1 helmet (worn)
 n - a scarf of spirit shield
 q - a +0 pair of boots (worn)
 u - a +0 robe
 x - a +0 cloak (worn)
 y - a +0 robe
 I - a +0 buckler (worn)
 Q - a +0 pair of gloves (worn)
Jewellery
 t - a ring of wizardry (left hand)
Wands
 f - a wand of flame (20/48)
 R - a wand of confusion (25/48)
Scrolls
 a - a scroll of identify
 m - 3 scrolls of recharging
 r - a scroll of blinking {unknown}
 w - 2 scrolls of magic mapping
 A - 4 scrolls of amnesia
Potions
 d - 2 potions of agility
 G - a potion of ambrosia
 J - a potion of resistance {unknown}
 V - a potion of berserk rage {unknown}
 W - 3 potions of flight {unknown}
 Y - 3 potions of might
Books
 b - a book of Flames

   Spells                             Type                      Level
   a - Flame Tongue                   Conjuration/Fire             1
   b - Throw Flame                    Conjuration/Fire             2
   c - Conjure Flame                  Conjuration/Fire             3
   d - Inner Flame                    Hexes/Fire                   3
   e - Sticky Flame                   Conjuration/Fire             4
   f - Fireball                       Conjuration/Fire             5
 e - a book of Callings

   Spells                             Type                      Level
   a - Summon Small Mammal            Summoning                    1
   b - Call Imp                       Summoning                    2
   c - Call Canine Familiar           Summoning                    3
   d - Summon Guardian Golem          Hexes/Summoning              3
   e - Summon Lightning Spire         Summoning/Air                4
   f - Summon Ice Beast               Ice/Summoning                4
Comestibles
 c - 8 bread rations
 o - a royal jelly
 B - a chunk of flesh
 O - 3 meat rations


   Skills:
 + Level 2.2 Fighting
 + Level 0.6 Short Blades
 + Level 2.3 Maces & Flails
 + Level 2.2 Armour
 + Level 5.1 Dodging
 + Level 4.0 Stealth
 + Level 1.8 Shields
 + Level 7.2 Spellcasting
 + Level 6.4 Conjurations
 + Level 7.3 Fire Magic


You had 14 spell levels left.
You knew the following spells:

 Your Spells              Type           Power        Failure   Level  Hunger
a - Flame Tongue          Conj/Fire      ####.        1%          1    None
b - Call Imp              Summ           #.......     9%          2    None
c - Magic Dart            Conj           ####         1%          1    None
d - Fireball              Conj/Fire      ####......   9%          5    #####..


Dungeon Overview and Level Annotations

Branches:
Dungeon (9/15)             Temple (0/1) D:5            Lair (0/6) D:9
    Orc: D:9-12

Altars:
Cheibriados
Fedhas
Hepliaklqana
Kikubaaqudgha
Okawaru
Vehumet
Xom
The Shining One

Annotations:
D:3 Robin
D:5 exclusion: oklob plant


Message History

The killer bee poisons you! The killer bee barely misses you.
Casting: Flame Tongue
Confirm with . or Enter, or press ? or * to list all spells.
Aiming: Flame Tongue
Press: ? - help, Shift-Dir - straight line, f/p - killer bee
Aim: a killer bee (severely wounded)
The flame tongue misses the killer bee.
* * * LOW HITPOINT WARNING * * *
You feel sick. The killer bee stings you.
* * * LOW HITPOINT WARNING * * *
The killer bee barely misses you. The killer bee stings you.
* * * LOW HITPOINT WARNING * * *
The killer bee stings you.
* * * LOW HITPOINT WARNING * * *
You feel very mighty all of a sudden.
* * * LOW HITPOINT WARNING * * *
You feel sick. You block the killer bee's attack.
The killer bee closely misses you. The killer bee barely misses you.
The killer bee stings you.
You die...

##### ####...#####
##..........####
...............###
#..............y@#
#...........(..y[#
#................#
##...............#
#...............#
#...............#
##..............#
# #..............#
# ##.............#


You could see 2 killer bees.

Vanquished Creatures
  A spriggan (D:7)
  A water moccasin (D:7)
  6 orc warriors
  3 ice beasts
  A phantom (D:7)
  An ogre (D:3)
  2 centaurs
  4 bullfrogs
  A water moccasin zombie (D:6)
  5 scorpions
  A wyvern skeleton (D:9)
  A killer bee (D:8)
  8 wights
  2 crimson imps (D:5)
  A quasit (D:8)
  3 orc priests (D:7)
  6 hounds
  3 jellies
  3 iguanas
  10 orc wizards
  6 worker ants
  A killer bee zombie (D:6)
  A hound zombie (D:7)
  3 worker ant zombies
  6 gnolls
  8 adders
  A howler monkey skeleton (D:6)
  3 shadow imps
  2 oozes
  An adder zombie (D:5)
  A worm (D:2)
  3 dart slugs
  3 leopard geckos
  23 orcs
  6 giant cockroaches
  14 goblins
  6 hobgoblins
  8 kobolds
  8 quokkas
  2 ball pythons
  5 bats
  4 frilled lizards
  A quokka skeleton (D:4)
  8 rats
  A rat zombie (D:5)
188 creatures vanquished.

Vanquished Creatures (others)
  A fungus (D:9)
1 creature vanquished.

Grand Total: 189 creatures vanquished

Notes
Turn   | Place    | Note
-------+----------+-------------------------------------------
     0 | D:1      | arta the Human Fire Elementalist began the quest for the Orb.
     0 | D:1      | Reached XP level 1. HP: 13/13 MP: 3/3
   112 | D:1      | Reached XP level 2. HP: 18/19 MP: 3/5
   624 | D:1      | Reached XP level 3. HP: 24/24 MP: 1/6
  1935 | D:2      | Reached XP level 4. HP: 28/30 MP: 3/7
  2582 | D:3      | Found a shimmering altar of Xom.
  2758 | D:3      | Reached XP level 5. HP: 27/36 MP: 1/8
  3049 | D:3      | Found a snail-covered altar of Cheibriados.
  3084 | D:3      | Found a glowing golden altar of the Shining One.
  3102 | D:3      | Noticed an ogre
  3111 | D:3      | Killed an ogre
  3111 | D:3      | Reached XP level 6. HP: 42/42 MP: 4/10
  3253 | D:3      | Noticed Robin
  4611 | D:5      | Entered Level 5 of the Dungeon
  4633 | D:5      | Found a staircase to the Ecumenical Temple.
  4641 | D:5      | Reached XP level 7. HP: 45/47 MP: 7/12
  4803 | D:5      | Found a blossoming altar of Fedhas.
  4831 | D:5      | Noticed an oklob plant
  4934 | D:5      | Found an ancient bone altar of Kikubaaqudgha.
  5013 | D:5      | Found a hazy altar of Hepliaklqana.
  5064 | D:5      | Reached skill level 1 in Armour
  5135 | D:5      | Reached skill level 1 in Fighting
  5521 | D:5      | Reached skill level 1 in Maces & Flails
  5521 | D:5      | Reached skill level 5 in Fire Magic
  5530 | D:5      | Reached XP level 8. HP: 41/54 MP: 1/14
  5956 | D:6      | Found a blossoming altar of Fedhas.
  5956 | D:6      | Found a radiant altar of Vehumet.
  5956 | D:6      | Found an iron altar of Okawaru.
  5974 | D:6      | Became a worshipper of Vehumet
  6890 | D:6      | Learned a level 2 spell: Call Imp
  7449 | D:7      | Reached skill level 5 in Spellcasting
  7530 | D:7      | Reached XP level 9. HP: 41/60 MP: 8/16
  7845 | D:8      | You fall through a shaft!
  7911 | D:9      | Reached * piety under Vehumet
  7911 | D:9      | Offered knowledge of Magic Dart by Vehumet.
  8201 | D:7      | Reached skill level 5 in Conjurations
  8531 | D:7      | Learned a level 1 spell: Magic Dart
  9521 | D:7      | Reached skill level 1 in Shields
  9804 | D:7      | Reached XP level 10. HP: 37/67 MP: 6/19
 10385 | D:7      | Learned a level 5 spell: Fireball
 10498 | D:6      | Offered knowledge of Freeze by Vehumet.
 10643 | D:6      | Reached ** piety under Vehumet
 10738 | D:6      | Reached skill level 5 in Dodging
 12554 | D:7      | Slain by a killer bee

Skill      XL: |  1  2  3  4  5  6  7  8  9 10 |
---------------+-------------------------------+-----
Fire Magic     | 4 5 6 7 |  7.3
Conjurations   | 2 3 4 5 6 |  6.4
Spellcasting   | 3 4 5 6 7 |  7.2
Dodging        | 3 4 5 |  5.1
Stealth        | 3 4 |  4.0
Armour         | 1 2 |  2.2
Fighting       | 1 2 |  2.2
Maces & Flails | 1 2 |  2.3
Shields        | 1 |  1.8
Short Blades   | |  0.6

Action                   |  1- 3 |  4- 6 |  7- 9 | 10-12 || total
-------------------------+-------+-------+-------+-------++-------
Melee: Club              |     4 |       |       |       ||     4
       Unarmed           |     1 |       |       |       ||     1
       Dagger            |    34 |    10 |       |       ||    44
       Whip              |       |    24 |    72 |    13 ||   109
 Cast: Flame Tongue      |    60 |   102 |   254 |   155 ||   571
       Magic Dart        |       |       |    29 |       ||    29
  Use: Scroll            |       |       |    14 |       ||    14
       Potion            |       |       |     5 |     7 ||    12
 Stab: Distracted        |       |       |     1 |       ||     1
  Eat: Chunk             |     3 |     9 |     6 |     3 ||    21
       Fruit             |     1 |       |     2 |       ||     3
       Royal jelly       |       |       |     4 |       ||     4
       Meat ration       |       |       |       |     1 ||     1
Armor: Robe              |    14 |    15 |    66 |    33 ||   128
       Leather armour    |       |    12 |    11 |       ||    23
Dodge: Dodged            |    45 |    58 |   181 |    91 ||   375
Block: Buckler           |       |       |    23 |    21 ||    44
